Unix NetHack Version 5.0.0-0 post-release - last build Jun 10 2026 00:39:30 (3ee93aec679c4c4259841fe613dc97188e26a321,branch:main).

Game began 2026-06-13 19:33:04, ended 2026-06-13 19:50:12.

IanCurtis, chaotic male elven Wizard

                                                      -----
                                                      |....#
    ------------                                      |...|#
    |..........|                                      |...|#   --------
    |........<..##              ##*################   |...|####.......|
    |..........| ##             #-------------    ####|...|  # |......|
    |...........####            #|*.....*...*|       #|...|  ##.......|
    |..........|  ##########    #|.....*......       #--.--#  #|......|
    ------------    #------#    #|...-----*..|       ##########|......|
                    #|..>.|#    #|...|.{.|...|          # #   #....(..|
                    #-v....######|..*|{.{|*..|                %--------
                     |....|#     |...|.{.|...|              ###
                     |....|######....-*---...|              #
                     ------      |.....*.....|              #
                                 |*.........*|
                                 -------------

IanCurtis the Conjurer    St:9 Dx:12 Co:16 In:18 Wi:10 Ch:11  Chaotic
Dlvl:5  $:169 HP:0(28) Pw:26(56) AC:9  Xp:5 T:2115  Hungry   Burdened

Latest messages:
 The kitten misses the imp.
 It misses the imp.
 It misses the imp.
 It misses the imp.
 You hear some noises.
 It misses the imp.
 It misses the imp.
 It misses the imp.
 It misses the imp.
 It misses the imp.
 The kitten misses the imp.
 The kitten misses the imp.
 The kitten misses the imp.
 The kitten misses it.
 You hear some noises.
 You are beginning to feel hungry.
 You stop searching.
 You hit the gray ooze!
 You hit the gray ooze!
 The gray ooze turns to flee.
 You kill the gray ooze!
 You hit the baby crocodile!
 The baby crocodile bites!
 You see a gas cloud dissipate.
 You kill the baby crocodile!
 You already found a monster.  Use 'm' prefix to force another search.
 You miss the fog cloud.
 You miss the fog cloud.
 You miss the fog cloud.
 You miss the fog cloud.
 You miss the fog cloud.
 You hear bubbling water.
 You hit the fog cloud!
 You miss the fog cloud.
 You miss the fog cloud.
 The fog cloud engulfs you!
 You are laden with moisture and can barely breathe!
 You are enveloped in a cloud of steam!
 You hit the fog cloud.
 You hit the fog cloud.
 You are laden with moisture and can barely breathe!
 You get expelled!
 You miss the fog cloud.
 You miss the fog cloud.
 In what direction? j
 The spell misses the fog cloud.
 The fog cloud engulfs you!
 You are laden with moisture and can barely breathe!
 You die...
 Do you want your possessions identified? [ynq] (y) q

Inventory:
 Coins    ('$')
  $ - 169 gold pieces
 Weapons  (')')
  I - the +0 Sting
  a - a blessed +1 quarterstaff (weapon in hands)
 Armor    ('[')
  b - an uncursed +0 cloak of magic resistance (being worn)
 Comestibles  ('%')
  B - an uncursed cram ration
  G - an uncursed fortune cookie
  y - an uncursed lichen corpse
 Scrolls  ('?')
  i - an uncursed scroll of blank paper
  j - an uncursed scroll of confuse monster
  E - a cursed scroll of destroy armor
  v - an uncursed scroll of gold detection
  k - an uncursed scroll of teleportation
 Spellbooks  ('+')
  C - an uncursed spellbook of blank paper
  H - an uncursed spellbook of create monster
  p - a blessed spellbook of dig
  l - a blessed spellbook of force bolt
  m - an uncursed spellbook of haste self
  z - an uncursed spellbook of healing
  w - an uncursed spellbook of magic missile
  q - an uncursed spellbook of slow monster
 Potions  ('!')
  f - an uncursed potion of gain energy
  x - 3 uncursed potions of healing
  g - 2 uncursed potions of water
  h - an uncursed potion of water
 Rings    ('=')
  d - an uncursed ring of poison resistance
  e - an uncursed ring of teleportation
 Wands    ('/')
  c - a wand of lightning (0:7)
  r - a wand of opening (0:6)
 Tools    ('(')
  o - an uncursed tooled horn
  u - an uncursed blindfold
  n - a magic marker (0:20)

IanCurtis the Wizard's attributes:

Background:
 You were a Conjurer, a level 5 male elven Wizard.
 You were chaotic, on a mission for Anhur
 who was opposed by Ptah (lawful) and Thoth (neutral).
 You were right-handed.
 You were in the Dungeons of Doom, on level 5.
 You entered the dungeon 2115 turns ago.
 You had 205 experience points, 115 more were needed to attain level 6.

Basics:
 You had 0 out of 28 hit points.
 You had 26 out of 56 energy points (spell power).
 Your armor class was 9.
 Your wallet contained 169 zorkmids.
 Autopickup was off.

Final Characteristics:
 Your strength was 9 (limit:18).
 Your dexterity was 12 (limit:18).
 Your constitution was 16 (limit:16).
 Your intelligence was 18 (limit:20).
 Your wisdom was 10 (limit:20).
 Your charisma was 11 (limit:18).

Final Status:
 You were engulfed by the fog cloud.
 You were hungry.
 You were burdened; movement was slightly slowed.
 You were wielding a quarterstaff.
 You had basic skill with quarterstaff.

Final Attributes:
 You were piously aligned.
 You were magic-protected.
 You were sleep resistant.
 You had infravision.
 You were warded.
 You are dead.

Miscellaneous:
 You didn't encounter any bones levels.
 Total elapsed playing time was 17 minutes and 7 seconds.

Major events:
 Turn
    1: IanCurtis the chaotic male elven Wizard entered the dungeon
  689: attained the rank of Conjurer (level 3)
 1446: chose an elven dagger to be named "Sting"
 2115: killed by a fog cloud

Spells:
 Name                 Level Category     Fail Retention
 force bolt             1   attack         0%   81%-90%
 haste self             3   escape        79%  76%-100%
 dig                    5   matter        98%  76%-100%
 slow monster           2   enchantment    0%   81%-90%
 magic missile          2   attack         0%  91%-100%
 healing                1   healing        0%  76%-100%

Skills:
 Fighting Skills
   bare handed combat [Unskilled]
   riding             [Unskilled]
 Weapon Skills
   dagger             [Unskilled]
   knife              [Unskilled]
   axe                [Unskilled]
   short sword        [Unskilled]
   club               [Unskilled]
   mace               [Unskilled]
   quarterstaff       [Basic]
   polearms           [Unskilled]
   spear              [Unskilled]
   trident            [Unskilled]
   sling              [Unskilled]
   dart               [Unskilled]
   shuriken           [Unskilled]
 Spellcasting Skills
   attack spells      [Basic]
   healing spells     [Unskilled]
   divination spells  [Unskilled]
   enchantment spells [Basic]
   clerical spells    [Unskilled]
   escape spells      [Unskilled]
   matter spells      [Unskilled]

Voluntary challenges:
 Character rerolling was not enabled.
 You never genocided any monsters.
 You never polymorphed an object.
 You never changed form.
 You used no wishes.
Achievement:
 You attained the rank of Conjurer.

 The Dungeons of Doom: levels 1 to 6
    Level 1:
       A fountain.
    Level 2:
       A fountain, a grave.
    Level 3:
       An altar, a sink.
    Level 4:
       A grave.
    Level 5: <- You were here.
       Many fountains.
       Oracle of Delphi.
       Final resting place for
          you, killed by a fog cloud.
    Level 6:


Vanquished creatures:
  a rock piercer
  a shrieker
  a black naga hatchling
  a golden naga hatchling
  a guardian naga hatchling
  a gray ooze
  a ghoul
  a baby crocodile
  a giant ant
  a floating eye
  a rabid rat
  a monkey
  2 orc zombies
  a wererat
  2 werejackals
  2 coyotes
  a hobbit
  a yellow mold
  a red mold
  a gecko
  3 jackals
  2 foxes
  a kobold
  3 grid bugs
  6 lichens
  3 newts
41 creatures vanquished.

No species were genocided or became extinct.

Game over:
                       ----------
                      /          \
                     /    REST    \
                    /      IN      \
                   /     PEACE      \
                  /                  \
                  |    IanCurtis     |
                  |      169 Au      |
                  | killed by a fog  |
                  |      cloud       |
                  |                  |
                  |                  |
                  |       2026       |
                 *|     *  *  *      | *
        _________)/\\_//(\/(/\)/\//\/|_)_______

Goodbye IanCurtis the Wizard...

You died in The Dungeons of Doom on dungeon level 5 with 1223 points,
and 169 pieces of gold, after 2115 moves.
You were level 5 with a maximum of 28 hit points when you died.

